 Dungeon Crawl Stone Soup version 0.28-a0-620-g539b0f7ac7 (webtiles) character file.

Game seed: 9036842712739415883

271 mordus the Magician (level 6, 0/45 HPs)
             Began as a Djinni Conjurer on Oct 6, 2021.
             Slain by an orc wizard (1 damage)
             ... on level 4 of the Dungeon.
             The game lasted 00:10:31 (4636 turns).

mordus the Magician (Djinni Conjurer)               Turns: 4636, Time: 00:10:32

Health: 0/45       AC:  3    Str:  6    XL:     6   Next: 47%
Gold:   104        EV: 13    Int: 22    God:
                   SH:  0    Dex: 11

rFire   + + .      SeeInvis .   l - +2 quarterstaff (chaos)
rCold   x . .      Faith    .   (shield currently unavailable)
rNeg    . . .      Spirit   .   a - +0 robe
rPois   ∞          Reflect  .   (no helmet)
rElec   .          Harm     .   m - +0 cloak
rCorr   .          Rampage  .   (no gloves)
Will    .....                   (boots unavailable)
Stlth   ++........              (no amulet)
HPRegen 0.15/turn               (no ring)
MPRegen 0.00/turn               (no ring)

@: flying
A: sickness immunity, fire resistance 2, cold vulnerability 1, float, innate
caster, hp casting, extra vitality 1
a: no special abilities


You were on level 4 of the Dungeon.
You visited 1 branch of the dungeon, and saw 4 of its levels.

You collected 104 gold pieces.

Inventory:

Hand Weapons
 l - a +2 quarterstaff of chaos (weapon)
Armour
 a - a +0 robe (worn)
 m - a +0 cloak (worn)
Magical Staves
 i - a staff of poison
Jewellery
 g - a ring of resist corrosion
Scrolls
 b - 5 scrolls of fear {unknown}
 f - 2 scrolls of identify {unknown}
 j - a scroll of holy word {unknown}
 k - a scroll of immolation {unknown}
 n - a scroll of magic mapping {unknown}
Potions
 c - a potion of attraction {unknown}
 d - 2 potions of berserk rage {unknown}
 e - 2 potions of brilliance {unknown}
 h - 2 potions of might {unknown}


   Skills:
 + Level 2.7 Fighting
 + Level 3.9 Dodging
 - Level 1.5 Stealth
 * Level 4.6 Spellcasting


You couldn't memorise any spells.
You knew the following spells:

 Your Spells              Type           Power      Damage    Failure   Level
a - Magic Dart            Conj           100%       1d8       1%          1
b - Searing Ray           Conj           50%        2d6       2%          2
c - Dazzling Flash        Conj/Hex       50%        N/A       4%          3
d - Fulminant Prism       Conj/Hex       12%        3d9       16%         4
e - Iskenderun's Mystic   Conj/Tloc      25%        2d7       16%         4
f - Animate Skeleton      Necr           50%        N/A       1%          1
g - Wereblood             Tmut           25%        N/A       2%          2
Your spell library was empty.

Dungeon Overview and Level Annotations

Branches:
Dungeon (4/15)
 Temple: D:4-7

Altars:
Kikubaaqudgha


Innate Abilities, Weirdness & Mutations

You are immune to sickness and miasma.
You are immune to poison.
Your flesh is very heat resistant. (rF++)
You are vulnerable to cold. (rC-)
You float through the air rather than walking.
You learn spells naturally, not from books.
Your magical power is your life essence.
You have superior vitality. (+4 HP)


Message History

The slug dart hits you but does no damage.
Your magical contamination has completely faded away.
Found 2 golden potions.
Found 10 gold pieces.
Casting: Searing Ray (safe; 2% risk of failure)
Confirm with . or Enter, or press ? or * to list all spells.
Aiming: Searing Ray (safe; 2% risk of failure)
Press: ? - help, Shift-Dir - straight line, f - orc
Aim: an orc, wielding a +0 flail and wearing a +0 ring mail (82% to hit)
The searing ray hits the orc!
You kill the orc! (Press . to maintain the ray.)
* * * LOW HITPOINT WARNING * * *
You start resting.
An orc comes into view. It is wielding a +0 hand axe.
An orc wizard comes into view. It is wielding a +0 dagger.
The orc wizard shouts!
The orc wizard casts a spell at you.
You are confused.
You're too confused to cast spells.
Unknown command.
The orc wizard gestures wildly while chanting.
The orc wizard flickers and vanishes!
Deactivating autopickup; reactivate with Ctrl-A.
You're too confused to move!
Something hits you.
* * * LOW HITPOINT WARNING * * *
You're too confused to move!
Something hits you but does no damage.
You miss something.
You feel less confused. Something hits you.
* * * LOW HITPOINT WARNING * * *
You closely miss something. Something hits you but does no damage.
You miss something. Something hits you.
* * * LOW HITPOINT WARNING * * *
Something hits you.
* * * LOW HITPOINT WARNING * * *
You hit something. Something hits you.
* * * LOW HITPOINT WARNING * * *
Something hits you.
You die...

# #####...## ...# ##....†.. #
#..## #..#####........ # ##..#
#...##....†o.## #...#
##.........### #.>##
##.........## .######..#
###.........## .........##
##...........# ..........#
###..{w.....#..######
..........###...@##....###.......
...#####........###...## #.......
## ##......### #..## #...###.
#.......## ##..# ##..## #
#....##...###..## #o..#
.....####...##..# #...## .....##
##......## #....## #...#
##.....w####.....## ##..
##.....).........#.


You could see a dart slug (wandering).

Vanquished Creatures
  A necrophage (D:4)
  Crazy Yiuf (D:2)
  Terence (D:3)
  3 adders (D:2)
  A howler monkey skeleton (D:3)
  A worm (D:2)
  A dart slug (D:3)
  2 orcs
  8 ball pythons
  9 bats
  4 bat skeletons (D:3)
  2 bat zombies (D:3)
  6 endoplasms
  5 hobgoblins
  7 jackals
  5 quokkas
  2 frilled lizards
  10 goblins
  5 kobolds
  7 rats
81 creatures vanquished.

Vanquished Creatures (others)
  A fulminant prism (D:3)
1 creature vanquished.

Grand Total: 82 creatures vanquished

Notes
Turn   | Place    | Note
-------+----------+-------------------------------------------
     0 | D:1      | mordus the Djinni Conjurer began the quest for the Orb.
     0 | D:1      | Reached XP level 1. HP: 15/15 MP: 0/0
   220 | D:1      | Reached XP level 2. HP: 13/22 MP: 0/0
   584 | D:1      | Reached XP level 3. HP: 12/26 MP: 0/0
   584 | D:1      | Learned a level 1 spell: Animate Skeleton
   829 | D:1      | Reached skill level 1 in Fighting
   937 | D:1      | Found a faded altar of an unknown god.
  1443 | D:2      | Reached XP level 4. HP: 14/32 MP: 0/0
  2364 | D:2      | Reached skill level 4 in Spellcasting
  2667 | D:2      | Found a runed translucent door.
  2668 | D:2      | Noticed Crazy Yiuf
  3444 | D:2      | Killed Crazy Yiuf
  3445 | D:2      | Reached XP level 5. HP: 33/38 MP: 0/0
  3445 | D:2      | Learned a level 2 spell: Wereblood
  3817 | D:3      | Noticed Terence
  3820 | D:3      | Killed Terence
  4569 | D:4      | Noticed a necrophage
  4579 | D:4      | Killed a necrophage
  4580 | D:4      | Reached XP level 6. HP: 13/45 MP: 0/0
  4636 | D:4      | HP: 1/45 [something (5)]
  4636 | D:4      | Slain by an orc wizard

Illustrated notes

Levels and vault maps discovered:
D:1:      dpeg_arrival_rooms_b, layout_basic, ebering_ecumenical_altar_petrified
D:2:      kennysheep_big_flooded_room, layout_basic, minmay_pentomino_pile,
          uniq_crazy_yiuf_cottage
D:3:      layout_rooms, kennysheep_vampire_church, uniq_terence
D:4:      gammafunk_ghost_abyssal_escape, layout_layer_cave, uniq_menkaure,
          uniq_edmund

Skill      XL: |  1  2  3  4 |
---------------+-------------+-----
Fighting       | 1 2 |  2.7
Dodging        | 3 |  3.9
Spellcasting   | 4 |  4.6
Stealth        | |  1.5

Action                   |  1- 3 |  4- 6 || total
-------------------------+-------+-------++-------
Melee: Club              |       |    34 ||    34
       Quarterstaff      |       |    39 ||    39
 Cast: Magic Dart        |    20 |    10 ||    30
       Searing Ray       |    17 |    24 ||    41
       Iskenderun's Myst |       |     1 ||     1
       Fulminant Prism   |       |     1 ||     1
 Stab: Sleeping          |       |     3 ||     3
Armor: Robe              |     3 |    32 ||    35
Dodge: Dodged            |    10 |    92 ||   102

Table legend: (Time is in decaauts)
 A = Elapsed time spent in this place.
 B = Non-inter-level travel time spent in this place.
 C = Inter-level travel time spent in this place.
 D = Time resting spent in this place.
 E = Time spent auto-exploring this place.
 F = Levels seen in this place.
 G = Mean time per level.
                   A        B        C        D        E       F      G
               +--------+--------+--------+--------+--------+-----+--------+
         Total |   4655 |   4577 |     78 |   1300 |   2700 |   4 | 1163.8 |
       Dungeon |   4655 |   4577 |     78 |   1300 |   2700 |   4 | 1163.8 |
               +--------+--------+--------+--------+--------+-----+--------+

Top non-repeatable levels by time:
     D:2: 2176 daAuts
     D:1: 1341 daAuts
     D:3: 948 daAuts
     D:4: 189 daAuts
